 Dungeon Crawl Stone Soup version 0.27.1-1-g398f81649c (webtiles) character file.

Game seed: 1881049376280847900

14585 Borgoz the Fighter (level 11, -6/104 HPs)
             Began as a Minotaur Berserker on Sept 20, 2021.
             Was a High Priest of Trog.
             Shot with an arrow by Nessos (18 damage)
             ... on level 12 of the Dungeon.
             The game lasted 00:17:07 (11681 turns).

Borgoz the Fighter (Minotaur Berserker)            Turns: 11681, Time: 00:17:08

Health: -6/104     AC:  7    Str: 27    XL:     11   Next: 90%
Magic:  10/10      EV: 17    Int:  4    God:    Trog [*****.]
Gold:   564        SH:  0    Dex: 14    Spells: 10/10 levels left

rFire    . . .     SeeInvis +   S - +5 triple sword (vorpal)
rCold    . . .     Faith    .   (shield currently unavailable)
rNeg     . . .     Spirit   .   Q - +0 troll leather armour
rPois    .         Reflect  .   (helmet restricted)
rElec    .         Harm     .   (no cloak)
rCorr    .         Rampage  .   t - +0 pair of gloves
Will     .....                  (no boots)
Stlth    +.........             n - amulet of regeneration
HPRegen  2.27/turn              g - ring of see invisible
MPRegen  0.12/turn              y - +6 ring of strength

@: lethally poisoned (-6 -> -10), marked
A: horns 2, retaliatory headbutt
a: Renounce Religion, Berserk, Trog's Hand, Brothers in Arms


You were on level 12 of the Dungeon.
You worshipped Trog.
Trog was extremely pleased with you.
You visited 3 branches of the dungeon, and saw 14 of its levels.

You collected 719 gold pieces.
You spent 155 gold pieces at shops.

Inventory:

Hand Weapons
 a - a +4 long sword
 C - a +0 scimitar
 K - the +5 morningstar "Demonbane" {freeze, rElec rC+ rCorr}
   (You found it on level 9 of the Dungeon)

   It freezes those it strikes, dealing additional cold damage.
   It can also slow down cold-blooded creatures.
   rC:        It protects you from cold.
   rElec:     It insulates you from electricity.
   rCorr:     It protects you from acid and corrosion.
 S - a +5 vorpal triple sword (weapon)
Missiles
 z - 8 throwing nets (quivered)
Armour
 t - a +0 pair of gloves (worn)
 I - +0 acid dragon scales
 L - the +0 plate armour of Betab {rF+ Dex+3}
   (You found it on level 9 of the Dungeon)

   Dex:       It affects your dexterity (+3).
   rF:        It protects you from fire.
 O - the +0 scale mail "Xogilugg" {rPois}
   (You found it on level 10 of the Dungeon)

   rPois:     It protects you from poison.
 Q - a +0 troll leather armour (worn)
Jewellery
 g - a ring of see invisible (left hand)
 n - an amulet of regeneration (around neck)
 q - a ring of resist corrosion
 v - a ring of protection from fire
 y - a +6 ring of strength (right hand)
 F - an amulet of reflection
 N - a ring of fire
 T - an amulet of the acrobat
Wands
 x - a wand of digging (5)
Scrolls
 b - 5 scrolls of blinking
 c - 4 scrolls of fog {unknown}
 d - 2 scrolls of fear {unknown}
 f - a scroll of silence {unknown}
 i - 2 scrolls of amnesia {unknown}
 j - 4 scrolls of teleportation
 m - 2 scrolls of noise {unknown}
 o - a scroll of holy word {unknown}
 w - 4 scrolls of identify {unknown}
 B - 3 scrolls of immolation {unknown}
 E - 2 scrolls of enchant weapon {unknown}
 H - 3 scrolls of torment {unknown}
 M - a scroll of enchant armour {unknown}
Potions
 e - 2 potions of mutation {unknown}
 h - 3 potions of cancellation {unknown}
 k - 2 potions of lignification {unknown}
 l - a potion of berserk rage {unknown}
 p - 2 potions of heal wounds {unknown}
 r - 2 potions of flight {unknown}
 u - a potion of might {unknown}
 A - a potion of haste {unknown}
 D - 2 potions of invisibility {unknown}
 G - 2 potions of brilliance {unknown}
 J - a potion of degeneration {unknown}
 P - a potion of attraction {unknown}
 R - a potion of magic {unknown}


   Skills:
 + Level 12.0 Fighting
 + Level 11.9 Long Blades
 + Level 11.7 Armour
 + Level 10.8 Dodging


You had 10 spell levels left.
You didn't know any spells.
Your spell library was empty.

Dungeon Overview and Level Annotations

Branches:
Dungeon (12/15)            Temple (1/1) D:7            Lair (1/6) D:10
    Orc (0/2) D:11

Altars:
Ashenzari
Cheibriados
Dithmenos
Elyvilon
Fedhas
Gozag
Hepliaklqana
Kikubaaqudgha
Makhleb
Nemelex Xobeh
Okawaru
Qazlal
Ru
Sif Muna
Trog
Uskayaw
Vehumet
Wu Jian
Xom
Yredelemnul
Zin
The Shining One

Shops:
D:3 *   D:6 *

Annotations:
D:12 Nessos


Innate Abilities, Weirdness & Mutations

You have a pair of horns on your head.
You reflexively headbutt those who attack you in melee.


Message History

The centaur hits you.
* * * LOW HITPOINT WARNING * * *
The centaur kicks you.
* * * LOW HITPOINT WARNING * * *
You feel better. The centaur warrior barely misses you.
You riposte.
You slice the centaur warrior!!
You kill the centaur warrior!
Trog accepts your kill. The centaur hits you.
* * * LOW HITPOINT WARNING * * *
The centaur closely misses you.
Your Fighting skill increases to level 12!
You closely miss the centaur.
You headbutt the centaur, but do no damage.
The centaur completely misses you.
You riposte.
You hit the centaur.
The centaur is moderately wounded.
The centaur kicks you.
* * * LOW HITPOINT WARNING * * *
The centaur hits you.
* * * LOW HITPOINT WARNING * * *
The centaur kicks you but does no damage.
You slash the centaur!
The centaur is almost dead.
Nessos the Markscentaur comes into view.
The centaur barely misses you.
You riposte.
You slice the centaur!!
You kill the centaur!
Trog accepts your kill.
Nessos casts a spell.
Nessos seems to speed up.
Nessos wields a +1 longbow of flaming.
It bursts into flame!
Nessos shoots an arrow.
The arrow closely misses you.
Things that are here:
a +0 shortbow; 16 arrows Nessos shoots an arrow.
The arrow misses you.
Nessos shoots an arrow.
The arrow hits you!
* * * LOW HITPOINT WARNING * * *
The arrow burns you.
You are poisoned.
* * * LOW HITPOINT WARNING * * *
Nessos shoots an arrow.
The arrow hits you!!
You die...

## ##.# ##.#
####..#
#####.##.##
###.......##
###.........#
#...........#
##..<@...)..#
###...))..##
####..###
.c## #..#
..## ##. ##


You could see Nessos (fast).

Vanquished Creatures
  A boulder beetle (D:11)
  Harold (D:9)
  A centaur warrior (D:12)
  A two-headed ogre (D:8)
  An elephant (D:10)
  2 ugly things (D:11)
  2 rust devils (D:10)
  A cane toad (Lair:1)
  2 trolls
  A hornet (D:10)
  Prince Ribbit (D:8)
  A shadow (D:9)
  A wraith (D:11)
  3 wyverns
  13 yaks (D:10)
  A vampire (D:11)
  4 steam dragons
  A basilisk (D:10)
  A vampire mosquito (D:8)
  An acid dragon (D:9)
  2 water moccasins
  6 orc warriors
  A black bear (D:10)
  2 necrophages
  2 ogres (D:5)
  8 centaurs
  A kobold brigand (D:8)
  4 bullfrogs
  A gnoll sergeant (D:7)
  4 scorpions
  A water moccasin zombie (D:5)
  A wyvern skeleton (D:5)
  A water moccasin skeleton (D:7)
  3 killer bees (D:9)
  5 wights (D:8)
  11 howler monkeys
  2 centaur zombies
  A bullfrog zombie (D:5)
  3 gnoll shamans
  2 jellies
  5 hounds
  9 orc priests
  A bullfrog skeleton (D:7)
  Natasha (D:2)
  Ijyb (D:4)
  7 orc wizards
  A scorpion zombie (D:5)
  5 iguanas
  A hound skeleton (D:4)
  18 gnolls
  5 adders
  An ufetubus (D:7)
  An adder skeleton (D:2)
  3 worms
  A dart slug (D:4)
  24 orcs
  9 ball pythons
  9 bats
  8 endoplasms
  A giant cockroach (D:1)
  7 hobgoblins
  7 jackals
  10 kobolds
  3 quokkas
  6 frilled lizards
  9 goblins
  6 rats
260 creatures vanquished.

Vanquished Creatures (collateral kills)
  An ugly thing (D:11)
  An orc warrior (D:11)
  An orc (D:11)
3 creatures vanquished.

Grand Total: 263 creatures vanquished

Notes
Turn   | Place    | Note
-------+----------+-------------------------------------------
     0 | D:1      | Borgoz the Minotaur Berserker began the quest for the Orb.
     0 | D:1      | Reached XP level 1. HP: 19/19 MP: 0/0
    71 | D:1      | Reached XP level 2. HP: 18/27 MP: 1/1
   334 | D:1      | Reached skill level 4 in Fighting
   459 | D:1      | Reached XP level 3. HP: 33/33 MP: 2/2
   768 | D:1      | Reached ** piety under Trog
  1310 | D:2      | Noticed Natasha
  1316 | D:2      | Killed Natasha
  1317 | D:2      | Reached XP level 4. HP: 41/41 MP: 3/3
  2281 | D:2      | Found a faded altar of an unknown god.
  2500 | D:3      | Reached XP level 5. HP: 37/47 MP: 4/4
  2979 | D:3      | Reached *** piety under Trog
  3141 | D:3      | Found Yluureen's Assorted Antiques.
  3297 | D:3      | Reached skill level 5 in Fighting
  3300 | D:3      | HP: 2/48 [poisoned by an orc priest]
  3536 | D:3      | Reached skill level 5 in Long Blades
  3656 | D:3      | Reached XP level 6. HP: 56/56 MP: 5/5
  3880 | D:4      | You fall into a shaft and drop 3 floors!
  3932 | D:6      | Noticed a steam dragon
  3941 | D:6      | Killed a steam dragon
  3942 | D:6      | Reached skill level 5 in Armour
  3994 | D:5      | Entered Level 5 of the Dungeon
  3999 | D:5      | Reached XP level 7. HP: 62/62 MP: 6/6
  4042 | D:5      | Reached skill level 6 in Fighting
  4172 | D:4      | Reached skill level 5 in Dodging
  4268 | D:4      | Noticed Ijyb
  4274 | D:4      | Killed Ijyb
  5012 | D:5      | Reached XP level 8. HP: 34/71 MP: 7/7
  5142 | D:5      | Reached **** piety under Trog
  5161 | D:5      | Reached skill level 7 in Fighting
  5793 | D:6      | Found Ragg's Retail Resort.
  5896 | D:3      | Bought an agate ring for 155 gold pieces
  6588 | D:7      | Reached skill level 8 in Fighting
  6588 | D:7      | Reached XP level 9. HP: 73/81 MP: 8/8
  6618 | D:7      | Identified the +7 scythe "Noimekh" {pain, *Slow rElec rC-
                  | Dex+8}
  6668 | D:7      | Found a staircase to the Ecumenical Temple.
  6693 | Temple   | Entered the Ecumenical Temple
  7331 | D:8      | Noticed Prince Ribbit
  7345 | D:8      | Killed Prince Ribbit
  7555 | D:8      | Reached skill level 9 in Fighting
  7578 | D:8      | Found a sacrificial altar of Ru.
  7715 | D:8      | Reached ***** piety under Trog
  8143 | D:8      | Noticed a two-headed ogre
  8151 | D:8      | Killed a two-headed ogre
  8152 | D:8      | Reached XP level 10. HP: 91/91 MP: 9/9
  8691 | D:9      | Noticed Harold
  8702 | D:9      | Killed Harold
  8703 | D:9      | Reached skill level 10 in Fighting
  8703 | D:9      | Reached skill level 10 in Long Blades
  9330 | D:10     | Entered Level 10 of the Dungeon
  9341 | D:10     | Reached skill level 10 in Armour
  9436 | D:10     | Paralysed by a hornet for 3 turns
  9665 | D:9      | Noticed a rust devil
  9665 | D:9      | Noticed a rust devil
  9709 | D:10     | Killed a rust devil
  9710 | D:10     | Reached XP level 11. HP: 95/101 MP: 10/10
  9759 | D:9      | Identified the +5 morningstar "Demonbane" {freeze, rElec
                  | rC+ rCorr}
  9811 | D:9      | Identified the +0 plate armour of Betab {rF+ Dex+3}
  9905 | D:10     | Reached skill level 11 in Fighting
 10009 | D:10     | Reached skill level 10 in Dodging
 10060 | D:10     | Identified the +0 scale mail "Xogilugg" {rPois}
 10095 | D:10     | Found a staircase to the Lair.
 10814 | Lair:1   | Entered Level 1 of the Lair of Beasts
 10940 | Lair:1   | Noticed a five-headed hydra
 11078 | D:11     | Noticed a cyan ugly thing
 11100 | D:11     | HP: 2/102 [cyan ugly thing (13)]
 11117 | D:11     | Killed a cyan ugly thing
 11205 | D:11     | Noticed a boulder beetle
 11225 | D:11     | Killed a boulder beetle
 11249 | D:11     | Received a gift from Trog
 11253 | D:11     | Noticed a green ugly thing
 11266 | D:11     | Killed a green ugly thing
 11429 | D:11     | Noticed a purple ugly thing
 11438 | D:11     | Killed a purple ugly thing
 11533 | D:11     | Found a staircase to the Orcish Mines.
 11664 | D:12     | Noticed a centaur warrior
 11676 | D:12     | Killed a centaur warrior
 11677 | D:12     | Reached skill level 12 in Fighting
 11678 | D:12     | Noticed Nessos
 11681 | D:12     | Shot with an arrow by Nessos

Illustrated notes

Levels and vault maps discovered:
D:1:      saegor_arrival_simple_d, layout_basic
D:2:      layout_loops_ring, shapermc_ecumenical_altar_mp_vishouse,
          glass_columns_c, minmay_nonomino_d4, uniq_natasha
D:3:      layout_rooms, serial_shops, nicolae_shop_behind_doors,
          kennysheep_generic_room_8
D:4:      layout_loops_ring, hangedman_minor_gate_pass, uniq_ijyb
D:5:      layout_loops_ring, chequers_avenue, grunt_tough_drop
D:6:      layout_basic, minmay_misc_feat_enclosed,
          eino_small_chamber_without_monster, nicolae_alphabet_shops
D:7:      layout_rooms, temple_fountains
D:8:      minmay_chambers_of_sixes, layout_basic, lemuel_coloured_pillars_altar,
          uniq_prince_ribbit1
D:9:      cheibrodos_iron_armory, layout_irregular_city, minivault_21,
          uniq_harold
D:10:     cheibrodos_steamvent, layout_stronghold, david_lair_generic
D:11:     layout_basic, orc_0_dummy, minivault_16
D:12:     layout_cave_pods, kennysheep_generic_room_13, uniq_nessos
Temple:   roderic_octagonal_lattice_temple
Lair:1:   lemuel_ratsnest, layout_cave_pods, uniq_grum

Skill      XL: |  1  2  3  4  5  6  7  8  9 10 11 |
---------------+----------------------------------+-----
Fighting       | 4 5 6 8 9 10 12 | 12.0
Long Blades    | 4 5 6 8 9 10 11 | 11.9
Armour         | 3 4 5 6 7 9 10 11 | 11.7
Dodging        | 3 4 5 6 8 9 10 | 10.8

Action                   |  1- 3 |  4- 6 |  7- 9 | 10-12 || total
-------------------------+-------+-------+-------+-------++-------
Melee: Falchion          |    52 |   128 |   271 |       ||   451
       Headbutt          |     7 |    23 |    92 |    91 ||   213
       Long sword        |       |       |    35 |   232 ||   267
       Scimitar          |       |       |     8 |       ||     8
       Triple sword      |       |       |       |    22 ||    22
Throw: Throwing net      |       |       |       |     1 ||     1
Invok: Berserk           |     2 |     3 |     6 |     7 ||    18
       Trog's Hand       |       |     2 |       |     3 ||     5
       Brothers in Arms  |       |       |       |     1 ||     1
  Use: Potion            |       |     2 |       |     4 ||     6
       Scroll            |       |       |     2 |     1 ||     3
 Stab: Sleeping          |     1 |       |       |       ||     1
Armor: Animal skin       |     9 |     6 |       |       ||    15
       Ring mail         |       |    38 |    81 |     9 ||   128
       Acid dragon scale |       |       |       |    15 ||    15
       Plate armour      |       |       |       |    71 ||    71
       Troll leather arm |       |       |       |    26 ||    26
Dodge: Dodged            |    44 |    82 |   213 |   198 ||   537
       Rpst.: Falchion   |    11 |    17 |    58 |       ||    86
       Long sword        |       |       |     7 |    35 ||    42
       Scimitar          |       |       |     3 |       ||     3
       Triple sword      |       |       |       |     8 ||     8
